AoeStats
← 陟遐自迩

Black Forest

504268559Analyzed
4v4 RM · 28d ago on Sep 4, 2026· 41m 43s· 8 players
Game mode
Random Map
Map size
Large (8 player)
Population
200
Speed
Normal
Resources
Standard
Victory
Conquest
Starting age
Dark Age
Ending age
Imperial Age
RankedLock teamsTeams togetherTeam positionsShared explorationLock speedFull tech treeHidden civsTurbo modeCheats
Victory
Defeat
🇭🇰 Koreans · Hong Kong SAR China
1116
+14
🇩🇪 Persians · Germany
1095
+15
🇨🇳 Magyars · China
1089
+15
🇺🇦 Sicilians · Ukraine
1064
+16
🇹🇷 Bohemians · Türkiye
1133
-18
🇨🇭 Tupi · Switzerland
1124
-17
🇨🇿 Inca · Czechia
1047
-14
🇩🇪 Goths · Germany
976
-11
Q力山大一世
11:07 Feudal Age
14:45 Castle Age
12:35 Double-Bit Axe
13:34 Horse Collar
22:59 Wheelbarrow
22:55 Sanctity
24:30 Hand Cart
24:33 Gold Mining
29:00 Imperial Age
26:41 Scale Barding Armor
26:45 Heavy Plow
26:58 Bow Saw
26:41 Stone Mining
27:13 Fletching
27:48 Ballistics
27:09 Treadmill Crane
28:29 Chain Barding Armor
28:32 Town Watch
28:49 Bodkin Arrow
29:08 Masonry
29:41 Town Patrol
29:27 Loom
30:42 Plate Barding Armor
30:07 Bracer
31:17 Chemistry
31:09 Conscription
30:51 Corvinian Army
31:33 Crop Rotation
31:47 Gold Shaft Mining
31:48 Padded Archer Armor
32:08 Bloodlines
31:58 Husbandry
33:01 Leather Archer Armor
32:28 Elite Magyar Huszar
34:24 Two-Man Saw
34:11 Parthian Tactics
35:14 Ring Archer Armor
34:49 Recurve Bow
35:25 Hoardings
34:31 Heavy Cavalry Archer
35:18 Thumb Ring
35:44 Caravan
41:40 Siege Engineers
41:31 Murder Holes
AM830 MK
12:32 Feudal Age
17:16 Castle Age
16:41 Double-Bit Axe
19:18 Horse Collar
26:42 Bow Saw
27:42 Wheelbarrow
27:59 Town Watch
29:04 Caravan
30:19 Hand Cart
30:08 Stone Mining
30:08 Gold Mining
33:28 Imperial Age
31:34 Heavy Plow
32:25 Town Patrol
33:41 Treadmill Crane
34:22 Ballistics
34:32 Conscription
35:17 Chemistry
34:03 Arrowslits
36:00 Shinkichon
36:23 Gold Shaft Mining
36:43 Siege Engineers
40:51 Two-Man Saw
39:52 Elite War Wagon
陟遐自迩
0:47 Loom
12:09 Feudal Age
14:10 Horse Collar
18:15 Castle Age
17:24 Double-Bit Axe
18:16 Stone Mining
20:03 Heavy Plow
22:06 Wheelbarrow
23:18 Bow Saw
26:09 Gold Mining
32:29 Imperial Age
30:37 Hand Cart
30:10 Town Watch
30:39 Forging
30:34 Scale Barding Armor
31:58 Devotion
32:37 Iron Casting
32:24 Chain Barding Armor
33:24 Crop Rotation
33:57 Two-Man Saw
33:37 Conscription
32:39 Elite War Elephant
34:48 Blast Furnace
34:57 Gold Shaft Mining
34:59 Stone Shaft Mining
34:45 Husbandry
34:55 Bloodlines
35:26 Plate Barding Armor
36:45 Faith
36:47 Caravan
40:03 Fletching
40:14 Padded Archer Armor
42:02 Coinage
41:47 Guilds
41:00 Heavy Camel Rider
41:01 Cavalier
41:45 Squires
41:30 Arson
41:06 Pikeman
aligamecraft
1:00 Loom
3:06 Loom
12:11 Feudal Age
12:56 Horse Collar
13:04 Double-Bit Axe
15:19 Wheelbarrow
18:47 Castle Age
20:09 Bow Saw
20:11 Stone Mining
25:03 Gold Mining
25:50 Stone Shaft Mining
26:32 Heavy Plow
28:59 Gold Shaft Mining
33:23 Imperial Age
33:45 Hand Cart
33:19 Town Watch
33:49 Forging
33:39 Scale Mail Armor
34:35 Town Patrol
35:37 Coinage
35:19 Guilds
35:10 Caravan
35:08 Capped Ram
35:51 Elite Serjeant
36:20 Siege Ram
38:12 Crop Rotation
Repl4y
1:02 Loom
10:44 Feudal Age
16:32 Castle Age
16:22 Double-Bit Axe
16:20 Horse Collar
16:33 Gold Mining
22:45 Heavy Plow
22:58 Bow Saw
24:50 Wheelbarrow
24:05 Town Watch
29:35 Imperial Age
27:04 Fletching
28:10 Stone Mining
28:18 Bodkin Arrow
28:24 Padded Archer Armor
29:01 Gold Shaft Mining
29:33 Hand Cart
31:27 Conscription
32:11 Chemistry
32:06 Ballistics
32:55 Two-Man Saw
31:34 Elite Blackwood Archer
33:48 Two-Man Saw
33:02 Bracer
33:23 Leather Archer Armor
33:46 Caravan
40:11 Caciques
40:09 Squires
39:31 Elite Ibirapema Warrior
41:53 Scale Mail Armor
lnvis
0:28 Loom
12:40 Feudal Age
12:44 Man-at-Arms
13:31 Horse Collar
19:03 Scale Mail Armor
25:39 Castle Age
23:58 Stone Mining
24:53 Double-Bit Axe
26:19 Forging
26:16 Gold Mining
27:05 Stone Shaft Mining
27:09 Wheelbarrow
26:09 Long Swordsman
27:44 Bow Saw
28:49 Heavy Plow
33:39 Squires
33:00 Pikeman
37:46 Imperial Age
38:42 Iron Casting
38:23 Chain Mail Armor
38:10 Two-Handed Swordsman
40:55 Blast Furnace
Pedro89cz
3:29 Loom
11:38 Feudal Age
12:10 Double-Bit Axe
12:08 Horse Collar
20:14 Castle Age
20:17 Gold Mining
21:40 Wheelbarrow
21:08 Heavy Plow
21:23 Bow Saw
29:53 Town Watch
33:33 Imperial Age
31:50 Hand Cart
32:45 Caravan
33:05 Forging
32:55 Scale Mail Armor
32:46 Fletching
32:57 Padded Archer Armor
32:24 Champi Runner
33:05 Squires
35:49 Champi Warrior
35:51 Elite Skirmisher
36:37 Thumb Ring
37:37 Iron Casting
36:59 Bodkin Arrow
37:38 Ballistics
37:31 Masonry
39:03 Chemistry
38:43 Crop Rotation
37:58 Pikeman
39:01 Leather Archer Armor
38:40 Halberdier
39:43 Chain Mail Armor
40:25 Bracer
41:25 Blast Furnace
Milkus Dilkus
10:46 Feudal Age
11:40 Double-Bit Axe
16:32 Castle Age
15:12 Horse Collar
18:07 Bow Saw
18:14 Fervor
19:09 Wheelbarrow
19:06 Heavy Plow
22:13 Hand Cart
25:20 Chemistry
27:47 Ballistics
30:01 Imperial Age
28:08 Loom
28:32 Padded Archer Armor
28:23 Fletching
29:04 Ballistics
30:06 Leather Archer Armor
30:00 Wagenburg Tactics
31:08 Caravan
30:52 Houfnice
31:33 Elite Hussite Wagon
33:07 Conscription
33:13 Hussite Reforms
35:30 Ring Archer Armor
Connection lost

Rejoining the realm…

Still unreachable

The connection could not be restored.

Session expired

The server has moved on; the page needs a fresh start.